 Dungeon Crawl Stone Soup version 0.19-b1-3-g7dea586 (webtiles) character file.

36 Snowbleach the Charlatan (level 3, 0/21 HPs)
             Began as a Kobold Artificer on Oct 29, 2016.
             Succumbed to an adder's poison
             ... on level 2 of the Dungeon.
             The game lasted 00:13:52 (2353 turns).

Snowbleach the Charlatan (Kobold Artificer)         Turns: 2353, Time: 00:13:52

Health: 0/21       AC:  3    Str: 10    XL:     3   Next: 57%
Magic:  6/6        EV: 15    Int: 12    God:
Gold:   104        SH:  0    Dex: 15    Spells: 0 memorised, 2 levels left

rFire  . . .     SeeInvis .     a - +0 short sword
rCold  . . .     Gourm    .     b - +0 leather armour
rNeg   . . .     Faith    .     (shield restricted)
rPois  .         Spirit   .     (no helmet)
rElec  .         Reflect  .     (no cloak)
rCorr  .         Harm     .     (no gloves)
MR     .....                    (no boots)
Stlth  ++........               (no amulet)
                                (no ring)
                                (no ring)

@: lethally poisoned (0 -> -2)
A: carnivore 3
a: no special abilities


You were on level 2 of the Dungeon.
You were completely stuffed.

You visited 1 branch of the dungeon, and saw 3 of its levels.

You collected 104 gold pieces.

Inventory:

Hand Weapons
 a - a +0 short sword (weapon)
Armour
 b - a +0 leather armour (worn)
Jewellery
 j - a +5 amulet of reflection {unknown}
Wands
 c - a wand of flame (6/48)
 d - a wand of enslavement (14/24)
 e - a wand of random effects (15/48)
Scrolls
 i - 3 scrolls of identify {unknown}
 m - a scroll of remove curse {unknown}
 o - a scroll of fog {unknown}
Potions
 g - a potion of invisibility {unknown}
 h - 2 potions of flight
 k - 2 potions of might {unknown}
 l - a potion of brilliance {unknown}
Comestibles
 f - a meat ration
 n - a chunk of flesh


   Skills:
 + Level 1.7 Fighting
 + Level 2.3 Short Blades
 + Level 2.8 Dodging
 + Level 2.3 Stealth
 + Level 4.0 Evocations


You had 2 spell levels left.
You didn't know any spells.

Dungeon Overview and Level Annotations

Branches:
Dungeon (3/15)

Altars:

Annotations:
D:3 Robin


Innate Abilities, Weirdness & Mutations

You are small and have problems with some larger weapons.
You are carnivorous and can eat meat at any time.


Message History

You are lethally poisoned!
The adder poisons you!
* * * LOW HITPOINT WARNING * * *
You feel sick. The adder misses you.
A hobgoblin comes into view. It is wielding a club.
* * * LOW HITPOINT WARNING * * *
You feel sick.
Found a scroll labeled XIMIUM YDYRUCY.
The adder completely misses you.
* * * LOW HITPOINT WARNING * * *
You feel sick.
The goblin no longer looks unusually strong.
There is a stone staircase leading up here.
The goblin no longer looks unusually strong.
The adder misses you.
You climb upwards.
There is a stone staircase leading down here.
You closely miss the adder. The adder closely misses you. x2
You die...

#.##.#...##.##.### #.#
#........##.#### #.#
#...........####### #.#
####.###.##......%# #.# #####
#)#......#####.######.# ....#
#.#.#.#...............#
###.####.#.#..S....##.########
...............>##.##.# ###
.##.###.##......@.....# ######..
.##.# #.#########...### #......#
....# #.# #...# #.##.... ###.#
#.# #...# #.##.#.# ....# #.#
#...# #.##.... ##### #.# #...#
#.##.#.. ..# #.# #...# #.##....
..# #.#########...######.......
..#####.##.................#.....


You could see an adder.

Vanquished Creatures
  An adder (D:2)
  An ooze (D:2)
  2 giant cockroaches (D:2)
  6 goblins
  3 hobgoblins
  4 kobolds
  3 bats (D:1)
  A frilled lizard (D:1)
  A rat (D:1)
22 creatures vanquished.

Notes
Turn   | Place    | Note
-------+----------+-------------------------------------------
     0 | D:1      | Snowbleach the Kobold Artificer began the quest for the Orb.
     0 | D:1      | Reached XP level 1. HP: 12/12 MP: 3/3
   567 | D:1      | Reached XP level 2. HP: 16/16 MP: 4/4
  1691 | D:2      | Reached XP level 3. HP: 18/20 MP: 5/5
  2312 | D:3      | Noticed Robin
  2336 | D:3      | Reached skill level 4 in Evocations
  2349 | D:3      | HP: 1/21 [poisoned by an adder]
  2353 | D:2      | Succumbed to an adder's poison

Skill      XL: |  1  2  3 |
---------------+----------+-----
Short Blades   | 2 |  2.3
Stealth        | 2 |  2.3
Evocations     | 4 |  4.0
Fighting       | |  1.7
Dodging        | |  2.8

Action                   || total
-------------------------++-------
Melee: Short sword       ||    73
Evoke: Wand              ||    10
  Use: Potion            ||     1
 Stab: Sleeping          ||     3
       Distracted        ||     1
  Eat: Chunk             ||    13
Armor: Leather armour    ||    20
Dodge: Dodged            ||    59
